 Seeded DCSS version 0.30.1-4-g462c640d31 (webtiles) character file.

Game seed: 6351066067085065685 (custom seed)

86 Esekla the Grave Robber (level 4, -2/24 HPs)
             Began as a Deep Elf Necromancer on Aug 27, 2023.
             Was a Follower of Vehumet.
             Slain by a black bear (4 damage)
             ... on level 2 of the Dungeon.
             The game lasted 00:11:39 (2043 turns).

Esekla the Grave Robber (Deep Elf Necromancer)      Turns: 2043, Time: 00:11:39

Health: -2/24      AC:  4    Str:  5    XL:     4   Next: 27%
Magic:  0/11       EV: 13    Int: 22    God:    Vehumet [*.....]
Gold:   164        SH:  0    Dex: 15    Spells: 4/9 levels left

rFire   . . .        a - +1 short sword (freeze)
rCold   . . .        (no shield)
rNeg    . . .        k - +0 robe
rPois   .            i - +0 helmet
rElec   .            (no cloak)
rCorr   .            c - +0 pair of gloves
SInv    .            (no boots)
Will    .....        (no amulet)
Stlth   ++           (no ring)
HPRegen 0.24/turn    (no ring)
MPRegen 0.12/turn

%: no passive effects
@: no status effects
A: no striking features
a: Renounce Religion


You were on level 2 of the Dungeon.
You worshipped Vehumet.
Vehumet was aware of your devotion.
You visited 1 branch of the dungeon, and saw 4 of its levels.

You collected 164 gold pieces.

Inventory:

Hand Weapons
 a - a +1 short sword of freezing (weapon)
 s - the +5 rapier of the Hero {heavy, rN+ Dex+3}
   (You found it on level 3 of the Dungeon)

   Dex:       It affects your dexterity (+3).
   rN:        It protects you from negative energy.
Armour
 c - a +0 pair of gloves (worn)
 i - a +0 helmet (worn)
 k - a +0 robe (worn)
Wands
 p - a wand of roots (9)
Scrolls
 e - a scroll of fear {unknown}
 f - 3 scrolls of identify {unknown}
 m - a scroll of enchant armour {unknown}
 n - a scroll of amnesia {unknown}
 o - a scroll of immolation {unknown}
 q - a scroll of blinking {unknown}
 t - a scroll of fog {unknown}
Potions
 b - a potion of magic
 d - a potion of ambrosia {unknown}
 g - a potion of haste {unknown}
 h - 2 potions of curing {unknown}
 j - a potion of mutation {unknown}
 l - 2 potions of attraction {unknown}
 r - a potion of heal wounds {unknown}
 u - 2 potions of brilliance {unknown}


   Skills:
 + Level 1.1 Short Blades
 * Level 3.4 Dodging
 + Level 3.5 Stealth
 * Level 3.4 Spellcasting
 * Level 0.4 Conjurations
 * Level 5.5 Necromancy


You had 4 spell levels left.
You knew the following spells:

 Your Spells              Type           Power      Damage    Failure   Level
a - Magic Dart            Conj           20%        1d4       10%         1
b - Necrotise             Necr           100%       1d9       1%          1
d - Vampiric Draining     Necr           28%        2d8       3%          3

Your spell library contained the following spells:

 Spells                   Type           Power      Damage    Failure   Level
 Animate Dead             Necr           28%        N/A       12%         4
 Lesser Beckoning         Tloc           6%         N/A       19%         2
 Gell's Gravitas          Tloc           3%         N/A       34%         3
 Teleport Other           Tloc           3%         N/A       34%         3
 Agony                    Necr           28%        N/A       34%         5


Dungeon Overview and Level Annotations

Branches:
Dungeon (4/15)
 Temple: D:4-7

Altars:
Okawaru
Vehumet
Zin

Shops:
D:2 =


Message History

Confirm with . or Enter, or press ? or * to list all spells.
The spell is quite dangerous to miscast (3% risk of failure)!
Continue anyway?
Aiming: Vampiric Draining (quite dangerous; 3% risk of failure)
Press: ? - help, Shift-Dir - straight line, f/p - black bear
Aim: a black bear (moderately wounded)
You draw life force from the black bear!
You feel life coursing into your body. The black bear bites you.
The black bear claws you. x2
You barely miss the black bear.
The black bear is severely wounded.
The black bear bites you but does no damage.
The black bear claws you. x2
* * * LOW HITPOINT WARNING * * *
You hit the black bear. You freeze the black bear.
The black bear is severely wounded.
The black bear goes berserk!
Casting: Vampiric Draining (quite dangerous; 3% risk of failure)
Confirm with . or Enter, or press ? or * to list all spells.
The spell is quite dangerous to miscast (3% risk of failure)!
Continue anyway?
Aiming: Vampiric Draining (quite dangerous; 3% risk of failure)
Press: ? - help, Shift-Dir - straight line, f/p - black bear
Aim: a black bear (severely wounded, berserk)
You draw life force from the black bear.
You feel life coursing into your body. The black bear closely misses you.
The black bear claws you but does no damage.
The black bear barely misses you.
You closely miss the black bear.
The black bear is almost dead.
The black bear bites you but does no damage.
The black bear misses you.
The black bear claws you but does no damage.
The black bear barely misses you. The black bear claws you.
* * * LOW HITPOINT WARNING * * *
The black bear claws you.
* * * LOW HITPOINT WARNING * * *
You hit the black bear. You freeze the black bear.
The black bear is almost dead.
The black bear misses you. The black bear barely misses you.
The black bear claws you.
You die...

###.## #.#
...).# #.#
###..# #.#
.....# #.#
####.# #.#
####.### #.#
.......# #.#
## .....).#
##########.#
#. ####.#.#
#....h@....#
#. ........
...##########
#. ####.#.#
#. #.#
########## #.
#.#
#........# #.
#†#
#.######.# #.
#.# #.# #.#
#. #.# #.#
#.# #.
#.####.###
#.# #.


You could see a black bear (berserk).

Vanquished Creatures
  2 gnolls (D:2)
  2 adders (D:2)
  2 dart slugs
  3 orcs (D:3)
  6 ball pythons
  3 endoplasms
  6 goblins
  4 hobgoblins
  A quokka (D:1)
  4 bats
  3 frilled lizards
  5 kobolds
  A rat (D:2)
42 creatures vanquished.

Notes
Turn   | Place    | Note
-------+----------+-------------------------------------------
     0 | D:1      | Esekla the Deep Elf Necromancer began the quest for the
                  | Orb.
     0 | D:1      | Reached XP level 1. HP: 10/10 MP: 6/6
   242 | D:2      | Found Renulab's Jewellery Shop.
   380 | D:4      | Found a radiant altar of Vehumet.
   392 | D:4      | Found an iron altar of Okawaru.
   404 | D:4      | Found a glowing silver altar of Zin.
   485 | D:4      | Became a worshipper of Vehumet
   620 | D:3      | Reached skill level 5 in Necromancy
   620 | D:3      | Reached XP level 2. HP: 15/15 MP: 8/8
   933 | D:3      | Identified the +5 rapier of the Hero {heavy, rN+ Dex+3}
  1118 | D:1      | Reached XP level 3. HP: 19/19 MP: 9/9
  1134 | D:1      | Learned a level 3 spell: Vampiric Draining
  1426 | D:1      | Reached * piety under Vehumet
  1426 | D:1      | Offered knowledge of Magic Dart by Vehumet.
  1429 | D:1      | Learned a level 1 spell: Magic Dart
  1819 | D:2      | Reached skill level 1 in Short Blades
  1819 | D:2      | Reached XP level 4. HP: 19/24 MP: 3/11
  2027 | D:2      | Noticed a black bear
  2042 | D:2      | HP: 1/24 [black bear (5)]
  2043 | D:2      | Slain by a black bear

Illustrated notes

Levels and vault maps discovered:
D:1:      sevenhm_arrival_forest_fort_small_3, layout_rooms,
          chequers_serial_rivers_room_b, minmay_misc_feat_five
D:2:      layout_loops_ring, dreamdust_ecumenical_altar_angels_and_demons,
          serial_shops, shop
D:3:      layout_basic, grunt_temple_overflow_open, minmay_misc_feat_iff
D:4:      layout_basic, nicolae_overflow_quartered_altars, serial_shops,
          nicolae_diamond_shop

Skill      XL: |  1  2  3 |
---------------+----------+-----
Stealth        | 3 |  3.5
Necromancy     | 5 |  5.5
Dodging        | 3 |  3.4
Short Blades   | 1 |  1.1
Spellcasting   | |  3.4
Conjurations   | |  0.4

Action                     |  1- 3 |  4- 6 || total
---------------------------+-------+-------++-------
  Melee: Short sword       |   116 |    15 ||   131
         Unarmed           |     9 |       ||     9
         Punch             |     2 |       ||     2
   Cast: Vampiric Draining |     4 |     4 ||     8
   Stab: Sleeping          |     5 |       ||     5
 Armour: Robe              |    25 |     9 ||    34
  Dodge: Dodged            |    83 |    17 ||   100
